 Dungeon Crawl Stone Soup version 0.21.1-1-g345015fe64 (webtiles) character file.

163 Jerry the Ruffian (level 5, -1/53 HPs)
             Began as a Troll Monk on Feb 14, 2018.
             Slain by a white imp (4 damage)
             ... summoned by Natasha
             ... on level 2 of the Dungeon.
             The game lasted 00:02:59 (1198 turns).

Jerry the Ruffian (Troll Monk)                      Turns: 1198, Time: 00:02:59

Health: -1/53      AC:  5    Str: 21    XL:     5   Next: 20%
Magic:  4/4        EV: 11    Int:  7    God:
Gold:   53         SH:  0    Dex: 12    Spells: 4/4 levels left

rFire    . . .     SeeInvis .     - Unarmed
rCold    . . .     Gourm    +   (no shield)
rNeg     . . .     Faith    .   a - +0 robe
rPois    .         Spirit   .   (helmet restricted)
rElec    .         Reflect  .   (no cloak)
rCorr    .         Harm     .   (gloves unavailable)
MR       .....                  (boots unavailable)
Stlth    ++........             (no amulet)
HPRegen  0.57/turn              k - +2 ring of strength
MPRegen  0.09/turn              (no ring)

@: slowed, very slow
A: large, unfitting armour, claws 3, fast metabolism 3, gourmand, regeneration
1, shaggy fur 1, tough skin 2
a: no special abilities


You were on level 2 of the Dungeon.
You were very full.

You visited 1 branch of the dungeon, and saw 2 of its levels.

You collected 53 gold pieces.

Inventory:

Armour
 a - a +0 robe (worn)
Jewellery
 k - a +2 ring of strength (left claw)
Scrolls
 c - 3 scrolls of identify {unknown}
 g - a scroll of random uselessness {unknown}
 h - 2 scrolls of noise {unknown}
 i - a scroll of immolation {unknown}
 j - a scroll of enchant weapon {unknown}
 l - a scroll of amnesia {unknown}
Potions
 d - 2 potions of curing {unknown}
 e - a potion of might {unknown}
Comestibles
 b - 6 rations
 f - 5 chunks of flesh


   Skills:
 + Level 3.2 Fighting
 + Level 3.2 Dodging
 - Level 1.0 Stealth
 * Level 4.7 Unarmed Combat


You had 4 spell levels left.
You didn't know any spells.

Dungeon Overview and Level Annotations

Branches:
Dungeon (2/15)

Altars:
Makhleb

Annotations:
D:2 Natasha


Innate Abilities, Weirdness & Mutations

You are too large for most types of armour.
You have claws for hands.
Your metabolism is lightning-fast.
You like to eat raw meat.
Your natural rate of healing is unusually fast.
You are covered in fur. (AC +1)
You have very tough skin. (AC +2)


Message History

The puff of flame hits you!
* * * LOW HITPOINT WARNING * * *
You closely miss Natasha.
Natasha is heavily wounded.
The white imp barely misses you.
Natasha zaps a wand.
The puff of flame misses you.
The white imp shouts, "Get thee gone, thou wayward spur-galled deadneck!"
The white imp closely misses you. Natasha claws you.
* * * LOW HITPOINT WARNING * * *
You scratch Natasha but do no damage.
Natasha is heavily wounded.
The white imp gestures at you. The puff of frost misses you. Natasha claws you.
* * * LOW HITPOINT WARNING * * *
You scratch Natasha but do no damage.
Natasha is heavily wounded.
The white imp hits you.
* * * LOW HITPOINT WARNING * * *
The white imp freezes you.
You die...

#.##.###.#.#######
...........#
.)##......###
........)#
.##.....# #....##
#.#.## #
#.#h######## #
######..@........
#
#........5######.
.. #.####.....##
#.. #.# #.......#
#.# #.# ##.....##
#.#
######.####....##
# #
#...........#.## #
#.####.####.###
#.# #......#
#.##### #.# #


You could see Natasha and a white imp.

Vanquished Creatures
  Terence (D:2)
  Natasha (twice) (D:2)
  3 adders (D:2)
  An ooze (D:2)
  2 worms (D:2)
  A dart slug (D:1)
  A leopard gecko (D:2)
  3 giant cockroaches
  6 goblins
  11 hobgoblins
  3 jackals (D:2)
  6 bats
  2 frilled lizards (D:2)
  6 kobolds
  4 rats
52 creatures vanquished.

Vanquished Creatures (others)
  2 bats (D:2)
2 creatures vanquished.

Grand Total: 54 creatures vanquished

Notes
Turn   | Place    | Note
-------+----------+-------------------------------------------
     0 | D:1      | Jerry the Troll Monk began the quest for the Orb.
     0 | D:1      | Reached XP level 1. HP: 22/22 MP: 0/0
   136 | D:1      | Reached XP level 2. HP: 29/29 MP: 1/1
   585 | D:2      | Reached XP level 3. HP: 35/36 MP: 2/2
   693 | D:2      | Noticed Terence
   701 | D:2      | Killed Terence
   701 | D:2      | Reached skill level 4 in Unarmed Combat
   715 | D:2      | Reached XP level 4. HP: 41/44 MP: 3/3
   776 | D:2      | Noticed Natasha
   786 | D:2      | Killed Natasha
   954 | D:2      | Found a burning altar of Makhleb.
  1029 | D:2      | Noticed Natasha
  1043 | D:2      | Killed Natasha
  1043 | D:2      | Reached XP level 5. HP: 35/53 MP: 4/4
  1182 | D:2      | Noticed Natasha
  1198 | D:2      | Slain by a white imp

Skill      XL: |  1  2  3  4 |
---------------+-------------+-----
Unarmed Combat | 4 |  4.7
Fighting       | 3 |  3.2
Dodging        | 3 |  3.2
Stealth        | |  1.0

Action                   |  1- 3 |  4- 6 || total
-------------------------+-------+-------++-------
Melee: Unarmed           |    97 |    70 ||   167
       Punch             |     2 |       ||     2
 Stab: Sleeping          |     2 |     2 ||     4
  Eat: Chunk             |    12 |     4 ||    16
Armor: Robe              |    26 |    16 ||    42
Dodge: Dodged            |    49 |    36 ||    85
